 Dungeon Crawl Stone Soup version 0.19-a0-1167-g79b6552 (webtiles) character file.

203 Dordric the Grave Robber (level 5, -1/35 HPs)
             Began as a Mummy Necromancer on Aug 15, 2016.
             Killed from afar by badrng's ghost (9 damage)
             ... with a zap
             ... on level 3 of the Dungeon.
             The game lasted 00:12:55 (4803 turns).

Dordric the Grave Robber (Mummy Necromancer)        Turns: 4803, Time: 00:12:55

Health: -1/35      AC:  3    Str: 11    XL:     5   Next: 51%
Magic:  10/10      EV: 12    Int: 15    God:
Gold:   123        SH:  0    Dex: 13    Spells: 3 memorised, 5 levels left

rFire  . . .     SeeInvis .     c - +1 dagger (vamp)
rCold  + + .     Gourm    .     l - +0 robe {rF+}
rNeg   + + +     Faith    .     (no shield)
rPois  ∞         Spirit   .     (no helmet)
rElec  .         Dismiss  .     d - +0 cloak
rCorr  .         Reflect  .     (no gloves)
MR     .....     Harm     .     (no boots)
Stlth  ++........               (no amulet)
                                (no ring)
                                f - ring of protection from cold

@: no status effects
A: no food or potions, fire vulnerability, cold resistance 1, negative energy
resistance 3, torment resistance, unbreathing
a: no special abilities


You were on level 3 of the Dungeon.
You were not hungry.

You visited 1 branch of the dungeon, and saw 3 of its levels.

You collected 123 gold pieces.

Inventory:

Hand Weapons
 c - a +1 vampiric dagger (weapon)
Armour
 a - a +0 robe
 d - a +0 cloak (worn)
 l - a +0 robe of fire resistance (worn)
Jewellery
 f - a ring of protection from cold (left hand)
Wands
 e - a wand of random effects (25/48)
 g - a wand of acid (6/15)
Scrolls
 h - a scroll of enchant weapon
 i - 2 scrolls of fog
 j - a scroll of amnesia
 k - 2 scrolls of remove curse
Books
 b - a book of Necromancy

   Spells                             Type                      Level
   a - Pain                           Necromancy                   1
   b - Animate Skeleton               Necromancy                   1
   c - Vampiric Draining              Necromancy                   3
   d - Regeneration                   Charms/Necromancy            3
   e - Animate Dead                   Necromancy                   4
   f - Control Undead                 Necromancy                   4


   Skills:
 + Level 0.2 Fighting
 + Level 0.1 Short Blades
 - Level 1.5 Dodging
 - Level 1.5 Stealth
 + Level 0.1 Unarmed Combat
 + Level 3.9 Spellcasting
 + Level 5.6 Necromancy


You had 5 spell levels left.
You knew the following spells:

 Your Spells              Type           Power        Failure   Level  Hunger
a - Pain                  Necr           ###.         1%          1    N/A
b - Animate Skeleton      Necr           N/A          1%          1    N/A
c - Animate Dead          Necr           N/A          21%         4    N/A

Dungeon Overview and Level Annotations

Branches:
Dungeon (3/15)

Altars:
Vehumet

Annotations:
D:3 badrng's ghost, amateur HEAE


Innate Abilities, Weirdness & Mutations

You do not eat or drink.
Your flesh is vulnerable to fire.
You are immune to poison.
Your flesh is cold resistant. (rC+)
You are immune to negative energy. (rN+++)
You are immune to unholy pain and torment.
You can survive without breathing.


Message History

You hit badrng's ghost.
Badrng's ghost is moderately damaged.
Badrng's ghost misses you.
You hit badrng's ghost but do no damage.
Badrng's ghost is moderately damaged.
Badrng's ghost points at you and mumbles some strange words.
The zap hits you!
You closely miss badrng's ghost.
Badrng's ghost is moderately damaged.
Badrng's ghost barely misses you.
You hit badrng's ghost but do no damage.
Badrng's ghost is moderately damaged.
Badrng's ghost casts a spell at you. The zap hits you!
* * * LOW HITPOINT WARNING * * *
You hit badrng's ghost but do no damage.
Badrng's ghost is moderately damaged.
Badrng's ghost gestures at you while chanting.
The zap hits you!
You die...

### #.# ..# #.# #.# #.#
####.# #.####...@#
#........W###### ## ##
#####.........# #. .
#...##....# #.##.
##'#......# #...
#.#.#....# ....
#)#.#....#
#..###########)#.#....#
..........W....#.#....#


You could see badrng's ghost.

Vanquished Creatures
  Jessica (D:2)
  11 gnolls
  2 adders
  An ooze (D:1)
  2 worms (D:3)
  A dart slug (D:1)
  A giant gecko (D:1)
  An orc (D:3)
  2 giant cockroaches
  7 goblins
  3 hobgoblins
  A quokka (D:3)
  7 bats
  4 giant newts
  7 kobolds
  5 rats
56 creatures vanquished.

Vanquished Creatures (collateral kills)
  2 dart slugs (D:1)
  A hobgoblin (D:1)
  A ball python (D:3)
  A rat (D:1)
5 creatures vanquished.

Grand Total: 61 creatures vanquished

Notes
Turn   | Place    | Note
-------+----------+-------------------------------------------
     0 | D:1      | Dordric the Mummy Necromancer began the quest for the Orb.
     0 | D:1      | Reached XP level 1. HP: 13/13 MP: 3/3
     2 | D:1      | Learned a level 1 spell: Animate Skeleton
   372 | D:1      | Reached XP level 2. HP: 18/19 MP: 1/5
  1195 | D:2      | Reached XP level 3. HP: 24/24 MP: 4/6
  1259 | D:2      | Found a radiant altar of Vehumet.
  1498 | D:2      | Noticed Jessica
  1792 | D:2      | Killed Jessica
  1792 | D:2      | Reached skill level 5 in Necromancy
  1792 | D:2      | Reached XP level 4. HP: 30/30 MP: 1/8
  2323 | D:2      | Learned a level 4 spell: Animate Dead
  2959 | D:3      | Reached XP level 5. HP: 31/35 MP: 0/10
  3421 | D:3      | Noticed badrng's ghost (amateur HEAE)
  4803 | D:3      | Killed from afar by badrng's ghost

Vault maps used:
D:1:      minmay_arrival_stone_box, kennysheep_pointless_box,
          serial_bayou_ford_a, minmay_hexomino_c4
D:2:      nicolae_overflow_hidden_temple, uniq_jessica

Skill      XL: |  1  2  3 |
---------------+----------+-----
Spellcasting   | 3 |  3.9
Necromancy     | 5 |  5.6
Fighting       | |  0.2
Short Blades   | |  0.1
Dodging        | |  1.5
Stealth        | |  1.5
Unarmed Combat | |  0.1

Action                   |  1- 3 |  4- 6 || total
-------------------------+-------+-------++-------
Melee: Unarmed           |    15 |       ||    15
       Dagger            |    12 |    28 ||    40
 Cast: Pain              |    45 |    73 ||   118
       Animate Skeleton  |    12 |     5 ||    17
       Animate Dead      |       |     4 ||     4
  Use: Scroll            |     1 |     6 ||     7
 Stab: Distracted        |     1 |       ||     1
Armor: Robe              |     3 |     6 ||     9
Dodge: Dodged            |    12 |    32 ||    44
